 Dungeon Crawl Stone Soup version 0.22-a0-117-g314b907 (webtiles) character file.

84 medis the Covered (level 4, -3/61 HPs)
             Began as a Minotaur Fighter on Jan 29, 2018.
             Killed from afar by Ijyb (5 damage)
             ... with a wand of acid (10)
             ... on level 2 of the Dungeon.
             The game lasted 00:01:40 (968 turns).

medis the Covered (Minotaur Fighter)                 Turns: 968, Time: 00:01:41

Health: -3/61      AC: 22    Str: 20 (21) XL:     4   Next: 23%
Magic:  3/3        EV:  2    Int:  4 (5)  God:
Gold:   86         SH:  9    Dex: 14 (15) Spells: 3/3 levels left

rFire    . . .     SeeInvis .   a - +0 war axe
rCold    . . .     Gourm    .   c - +0 shield
rNeg     + + +     Faith    .   (armour currently unavailable)
rPois    +         Spirit   .   (helmet currently unavailable)
rElec    .         Reflect  .   (cloak currently unavailable)
rCorr    +         Harm     .   (gloves currently unavailable)
MR       .....     NoTele   +   (boots currently unavailable)
Stlth    ++........             (no amulet)
HPRegen  0.20/turn              (no ring)
MPRegen  0.08/turn              j - ring of resist corrosion

@: agile, tree-form
A: (retaliatory headbutt)
a: no special abilities


You were on level 2 of the Dungeon.
You were hungry.
You were a tree.
You visited 1 branch of the dungeon, and saw 2 of its levels.

You collected 86 gold pieces.

Inventory:

Hand Weapons
 a - a +0 war axe (weapon)
Armour
 c - a +0 shield (worn)
 e - a +0 plate armour (melded)
Jewellery
 j - a ring of resist corrosion (right branch)
Scrolls
 b - 2 scrolls of teleportation {unknown}
 h - a scroll of identify {unknown}
 k - a scroll of fear {unknown}
 l - a scroll of blinking {unknown}
Potions
 d - a potion of might
Comestibles
 f - 2 rations


   Skills:
 + Level 4.3 Fighting
 * Level 4.0 Axes
 + Level 4.6 Armour
 - Level 3.6 Shields


You had 3 spell levels left.
You didn't know any spells.

Dungeon Overview and Level Annotations

Branches:
Dungeon (2/15)

Altars:
Dithmenos
Uskayaw

Annotations:
D:2 Ijyb


Innate Abilities, Weirdness & Mutations

((You reflexively headbutt those who attack you in melee.))
((You have a pair of horns on your head.))


Message History

You are splashed with acid!
The acid burns!
You resist.
* * * LOW HITPOINT WARNING * * *
It was a potion of agility.
You feel agile all of a sudden.
The goblin hits you but does no damage. x2
It was a potion of degeneration.
There was something very wrong with that liquid.
You feel weakened.
You feel dopey.
You feel clumsy. You block the goblin's attack. x2
It was a potion of lignification.
You turn into a tree.
Your +0 plate armour melds into your body.
Your roots penetrate the ground.
You block the goblin's attack.
You hit the goblin.
You kill the goblin!
You hit Ijyb. You hit Ijyb but do no damage.
Ijyb is lightly wounded.
Ijyb hits you but does no damage. The goblin hits you but does no damage.
Ijyb zaps a wand.
The bolt of acid hits you! You resist.
You die...

#.# #.#.# ###########
#.#.##
.8.8.8.8..#########....##
........................#
%........... ...........#
..........# ######.....#
!...†..)..# ######....#
......)gg.# #.......#.#
########.8.8.8g8♣##
#.#######.#
.......#########.!# #.# .#
###.#### #..## #.#
#.############...####.#####
#...........#.............#
##.................##.##..#
#(..#....................#
#...####..........##.##..#
###..####...#..(..###.##..#


You could see Ijyb and 2 goblins.

Vanquished Creatures
  Jessica (D:2)
  2 adders (D:2)
  A dart slug (D:1)
  A ball python (D:2)
  5 bats
  A giant cockroach (D:2)
  7 goblins
  3 hobgoblins (D:1)
  3 jackals (D:1)
  4 frilled lizards (D:1)
  9 kobolds
  2 rats
39 creatures vanquished.

Vanquished Creatures (others)
  2 goblins (D:2)
2 creatures vanquished.

Grand Total: 41 creatures vanquished

Notes
Turn   | Place    | Note
-------+----------+-------------------------------------------
     0 | D:1      | medis the Minotaur Fighter began the quest for the Orb.
     0 | D:1      | Reached XP level 1. HP: 19/19 MP: 0/0
    97 | D:1      | Reached XP level 2. HP: 25/27 MP: 1/1
   582 | D:2      | Reached XP level 3. HP: 29/33 MP: 2/2
   704 | D:2      | Noticed Jessica
   711 | D:2      | Killed Jessica
   711 | D:2      | Reached XP level 4. HP: 40/40 MP: 3/3
   761 | D:2      | Found a shadowy altar of Dithmenos.
   761 | D:2      | Found a hide-covered altar of Uskayaw.
   959 | D:2      | Noticed Ijyb
   963 | D:2      | HP: 1/41 [acid (7)]
   968 | D:2      | Killed from afar by Ijyb

Vault maps used:
D:1:      dpeg_arrival_round_c, serial_bayou, serial_bayou_pond_a,
          serial_bayou_pond_a, serial_bayou_lagoon_b, serial_bayou_shore_b
D:2:      kennysheep_the_goblin_king, gammafunk_temple_overflow_elements,
          hangedman_decor_growths, uniq_jessica

Skill      XL: |  1  2  3  4 |
---------------+-------------+-----
Armour         | 4 |  4.6
Axes           | 3 4 |  4.0
Fighting       | 4 |  4.3
Shields        | |  3.6

Action                   |  1- 3 |  4- 6 || total
-------------------------+-------+-------++-------
Melee: War axe           |    86 |    23 ||   109
       Headbutt          |    14 |     1 ||    15
  Use: Potion            |       |     3 ||     3
Armor: Scale mail        |    10 |       ||    10
       Plate armour      |    58 |    13 ||    71
       Skin              |       |     1 ||     1
Dodge: Dodged            |    22 |     5 ||    27
Block: Shield            |    54 |    10 ||    64

Table legend:
 A = Spawn XP
 B = Non-spawn XP
 C = Spawn XP percentage of total XP
 D = Spawn monster count
 E = Non-spawn monster count
 F = Spawn count percentage of total count
 G = Total turns spent on level
                    A         B        C        D         E        F      G
               +---------+---------+-------+---------+---------+-------+---------
         Total |       0 |     120 |   0.0 |       0 |      39 |   0.0 |   968
               +---------+---------+-------+---------+---------+-------+---------
           D:1 |       0 |      36 |   0.0 |       0 |      24 |   0.0 |   546
           D:2 |       0 |      84 |   0.0 |       0 |      15 |   0.0 |   422
               +---------+---------+-------+---------+---------+-------+---------
